Map: Las colinas de Doraelus

Players

Shadowphobia

  • Race: Protoss Protoss

xXkazperXx

  • Race: Zerg Zerg

Omnyx

  • Race: Terran Terran

RANURA DE IA (Difícil) - Winner!

  • Race: Zerg Zerg

RANURA DE IA (Difícil) - Winner!

  • Race: Terran Terran

RANURA DE IA (Difícil) - Winner!

  • Race: Terran Terran

VOD

Have the link to the VOD?

Description

Time

  • Played on: Dec. 25, 2015, 8:15 p.m.
  • Length: 25:26
Show
View Real Time Build Order
Export as new Build Order

Shadowphobia Protoss 

Build Orders:  

Get SALT Encoding   

  12  0:03  Probe (Chrono Boost)  
  13  0:18  Pylon  
  13  0:21  Assimilator  
  13  0:41  Probe (Chrono Boost)  
  14  0:51  Probe (Chrono Boost), Assimilator  
  15  1:02  Probe (Chrono Boost)  
  16  1:08  Pylon  
  16  1:13  Probe (Chrono Boost)  
  17  1:23  Probe (Chrono Boost)  
  18  1:34  Probe (Chrono Boost)  
  19  1:44  Probe (Chrono Boost)  
  20  1:55  Probe (Chrono Boost)  
  21  2:04  Gateway  
  21  2:05  Nexus, Probe (Chrono Boost)  
  22  2:14  Assimilator  
  22  2:16  Probe (Chrono Boost)  
  22  2:17  Assimilator  
  23  2:26  Pylon  
  23  2:35  Forge  
  23  2:58  Gateway  
  23  3:02  Cybernetics Core  
  23  3:07  Gateway  
  23  3:18  Probe (Chrono Boost)  
  24  3:29  Probe (Chrono Boost)  
  25  3:38  Probe (Chrono Boost), Gateway  
  25  3:40  Gateway  
  26  3:41  Warp Gate (Chrono Boost)  
  26  3:48  Probe  
  26  3:50  Gateway  
  27  3:58  Probe  
  27  3:59  Pylon  
  28  4:03  Pylon  
  28  4:10  Pylon  
  28  4:15  Pylon  
  28  4:25  Probe  
  28  4:28  Pylon  
  29  4:31  Mothership Core  
  29  4:36  Probe  
  32  4:46  Probe  
  32  4:51  Pylon  
  33  4:57  Probe  
  33  4:58  Pylon  
  34  5:03  Twilight Council  
  34  5:07  Probe  
  35  5:18  Probe  
  34  5:28  Probe  
  34  5:29  Protoss Ground Weapons Level 1 (Chrono Boost)  
  34  5:32  Stalker  
  34  5:33  Stalker x2  
  34  5:34  Stalker x3  
  47  5:39  Probe  
  46  5:43  Blink  
  44  5:58  Stalker  
  44  5:59  Stalker x3  
  44  6:00  Stalker  
  52  6:04  Stalker  
  54  6:13  Probe  
  55  6:24  Probe  
  56  6:33  Stalker x2  
  56  6:34  Stalker x2  
  56  6:35  Stalker x2  
  64  7:10  Protoss Ground Armor Level 1 (Chrono Boost)  
  64  7:17  Nexus  
  64  7:19  Stalker x3, Assimilator  
  64  7:20  Stalker x2  
  64  7:21  Stalker  
  76  7:24  Probe, Assimilator  
  76  7:27  Pylon  
  76  7:29  Pylon  
  77  7:34  Probe  
  78  7:40  Nexus  
  78  7:50  Assimilator  
  78  7:53  Assimilator  
  78  7:56  Stalker  
  78  7:57  Stalker x3  
  86  8:01  Stalker  
  88  8:06  Stalker  
  90  8:22  Pylon  
  90  8:32  Photon Cannon  
  90  8:34  Photon Cannon  
  90  8:36  Photon Cannon  
  90  8:38  Probe  
  90  8:39  Pylon  
  91  8:49  Protoss Shields Level 1 (Chrono Boost), Probe  
  92  8:59  Probe  
  93  9:10  Probe  
  92  9:20  Probe  
  92  9:24  Probe  
  93  9:29  Stalker  
  93  9:30  Stalker x4  
  93  9:31  Stalker, Probe  
  104  9:34  Probe  
  88  9:45  Probe  
  83  9:53  Probe  
  83  9:55  Probe  
  85  10:04  Probe  
  85  10:06  Probe  
  87  10:14  Probe  
  87  10:16  Probe  
  89  10:25  Probe  
  89  10:27  Probe  
  90  10:32  Stalker  
  90  10:33  Stalker x3  
  90  10:34  Stalker x2  
  103  10:35  Probe  
  103  10:37  Probe  
  105  10:46  Probe  
  105  10:47  Gateway  
  105  10:48  Probe, Gateway  
  107  10:50  Gateway  
  107  10:52  Gateway x2  
  107  10:55  Gateway  
  107  10:56  Probe  
  107  10:59  Probe  
  107  11:03  Photon Cannon  
  109  11:07  Pylon, Probe  
  109  11:09  Probe  
  111  11:21  Stalker  
  111  11:22  Stalker  
  111  11:23  Stalker x3  
  121  11:25  Stalker  
  121  11:27  Probe  
  121  11:31  Probe  
  125  11:41  Probe  
  126  11:50  Photon Cannon  
  126  11:51  Photon Cannon  
  126  11:53  Photon Cannon  
  126  11:56  Probe  
  127  12:06  Probe  
  128  12:09  Stalker  
  128  12:10  Stalker x2  
  128  12:11  Stalker x2  
  128  12:13  Stalker  
  140  12:17  Probe  
  141  12:41  Stalker x2  
  141  12:42  Stalker x3  
  141  12:43  Stalker x2  
  155  12:44  Stalker x2  
  155  12:45  Stalker x2  
  155  12:46  Stalker  
  115  13:11  Stalker x3  
  115  13:12  Stalker x2  
  125  13:13  Stalker x2  
  125  13:14  Stalker x3  
  125  13:16  Stalker  
  125  13:18  Stalker  
  89  13:39  Stalker x2  
  89  13:40  Stalker x2  
  79  13:41  Stalker x2  
  79  13:42  Stalker x2  
  79  13:43  Stalker x2  
  79  13:44  Stalker  
  79  13:46  Stalker  
  95  14:07  Stalker  
  95  14:08  Stalker  
  95  14:09  Stalker x3  
  105  14:10  Stalker x2  
  105  14:11  Stalker x3  
  105  14:12  Stalker  
  105  14:13  Stalker  
  117  14:49  Nexus  
  117  14:52  Stalker x3  
  95  14:53  Stalker x3  
  95  14:54  Stalker x3  
  95  14:56  Stalker x2  
  95  14:57  Stalker  
  81  15:22  Stalker  
  81  15:23  Stalker x2  
  81  15:24  Stalker  
  81  15:25  Stalker x2  
  81  15:26  Stalker x3  
  81  15:27  Stalker  
  81  15:28  Stalker  
  103  15:29  Stalker  
  103  15:52  Assimilator  
  103  15:54  Assimilator  
  103  15:55  Stalker  
  103  15:56  Stalker x3  
  103  15:57  Stalker x2  
  113  15:59  Pylon  
  113  16:01  Pylon  
  107  16:40  Stalker x2  
  107  16:41  Stalker x3  
  107  16:42  Stalker x3  
  107  16:43  Stalker x2  
  107  16:44  Stalker  
  77  17:40  Stalker x2  
  77  17:41  Stalker x3  
  77  17:42  Stalker x3  
  77  17:43  Stalker x3  
  93  17:44  Stalker  
  95  17:52  Probe  
  96  18:03  Probe  
  87  18:13  Probe  
  87  18:19  Stalker  
  80  18:20  Stalker x3  
  80  18:21  Stalker x2  
  80  18:24  Probe  
  83  18:46  Stalker  
  83  18:47  Stalker x3  
  83  18:48  Stalker x3  
  81  19:08  Stalker x2  
  81  19:09  Stalker x2  
  83  19:10  Stalker  
  79  19:17  Probe  
  76  19:29  Stalker x2  
  76  19:30  Stalker x2  
  76  20:09  Pylon x2  
  76  20:21  Gateway  
  76  20:22  Gateway  
  76  20:24  Gateway  
  76  20:27  Gateway  
  76  20:33  Pylon  
  76  20:36  Pylon  
  60  21:06  Gateway  
  60  21:07  Gateway  
  60  21:08  Gateway  
  49  21:11  Gateway  
  49  21:12  Gateway  
  42  22:11  Zealot x2  
  42  22:12  Zealot x3  
  42  22:13  Zealot x2  
  42  22:14  Zealot x2  
  51  22:30  Forge  
  51  22:33  Cybernetics Core  
  51  22:43  Zealot x2  
  37  22:44  Zealot  
  37  22:45  Zealot  
  37  22:46  Zealot x2  
  37  22:47  Zealot x3  
  25  23:07  Zealot  
  25  23:08  Zealot x3  
  25  23:09  Zealot  
  16  23:31  Nexus  
  5  23:53  Nexus  
  5  24:16  Pylon  
  4  24:18  Pylon  
  4  24:21  Pylon  
  3  24:42  Probe  
  4  24:53  Probe  
  5  25:01  Forge  
  5  25:03  Gateway  
  5  25:05  Gateway  
  6  25:07  Gateway  
Show
View Real Time Build Order
Export as new Build Order

xXkazperXx Zerg 

Build Orders: Pool First 

Get SALT Encoding   

  12  0:03  Drone  
  13  0:19  Drone  
  14  0:23  Overlord  
  14  0:47  Spawning Pool  
  14  0:49  Extractor, Drone  
  15  0:50  Drone x2  
  15  1:16  Drone x2  
  17  1:42  Drone x2  
  19  1:54  Hatchery  
  19  1:56  Drone x2  
  20  2:03  Queen  
  22  2:24  Overlord  
  22  2:27  Overlord  
  22  2:43  Zergling x4  
  24  2:50  Lair  
  24  2:57  Extractor  
  23  2:59  Drone x2  
  25  3:16  Drone  
  26  3:28  Drone  
  26  3:29  Roach Warren  
  25  3:38  Drone x3  
  25  3:39  Queen  
  30  4:05  Hydralisk Den  
  30  4:09  Metabolic Boost, Spire  
  28  4:11  Drone  
  28  4:12  Drone x5  
  28  4:17  Zergling x6  
  37  4:36  Hydralisk x2  
  41  5:08  Hydralisk x2  
  41  5:13  Hatchery  
  40  5:19  Hydralisk  
  34  6:05  Burrow  
  34  6:15  Drone x6  
  40  6:22  Zergling x2  
  40  6:23  Zergling x4  
  43  6:29  Zergling x2  
  42  7:05  Drone x3  
  42  7:07  Queen  
  47  7:12  Hydralisk  
  49  7:23  Overlord x4  
  49  7:44  Hydralisk x2  
  49  7:45  Hydralisk  
  55  8:11  Hydralisk x3  
  61  8:26  Drone  
  61  8:27  Drone x2  
  64  8:34  Roach  
  64  8:35  Roach x2  
  70  8:53  Roach x4  
  70  8:54  Roach  
  42  9:35  Zergling x6  
  42  9:36  Zergling x8  
  49  9:59  Roach x6  
  61  10:07  Hydralisk x5  
  71  10:39  Infestation Pit  
  70  11:31  Mutalisk x3  
  76  11:33  Hatchery  
  76  11:34  Overlord x3  
  75  11:56  Mutalisk x4  
  75  11:57  Mutalisk x2  
  87  12:01  Overlord x3  
  87  12:13  Extractor  
  86  12:17  Extractor  
  85  12:31  Drone x3  
  88  12:41  Drone  
  32  13:43  Mutalisk  
  32  13:44  Mutalisk x2  
  38  13:56  Mutalisk x3  
  44  14:30  Hive  
  44  14:46  Drone x3  
  35  16:41  Ultralisk Cavern  
  34  17:02  Roach x4  
  34  17:03  Roach x2  
  46  17:32  Lurker Den  
  47  18:05  Zergling x2  
  47  18:06  Zergling x10  
  47  18:10  Zergling x8  
  47  18:11  Zergling x4  
  34  19:31  Zergling x8  
  36  19:36  Zergling x8  
  36  19:37  Zergling x2  
  34  20:45  Ultralisk x6  
  70  20:52  Roach x4  
  70  20:53  Roach x2  
  32  21:51  Ultralisk x2  
  32  21:52  Ultralisk  
Show
View Real Time Build Order
Export as new Build Order

Omnyx Terran 

Build Orders:  

Get SALT Encoding   

  12  0:08  SCV  
  13  0:20  SCV  
  13  0:21  Supply Depot  
  14  0:32  SCV  
  15  0:45  Refinery  
  15  0:46  Refinery  
  15  0:51  SCV  
  16  1:03  SCV  
  17  1:10  Barracks  
  17  1:15  SCV  
  18  1:27  SCV  
  19  1:39  SCV  
  20  1:51  SCV  
  20  1:52  Supply Depot  
  21  2:04  SCV  
  22  2:14  Supply Depot  
  22  2:16  SCV  
  23  2:28  SCV  
  24  2:37  Barracks Reactor, Supply Depot  
  24  2:40  SCV  
  24  2:41  Command Center  
  25  2:52  SCV  
  26  3:20  Command Center  
  26  3:21  Supply Depot  
  26  3:28  Refinery  
  26  3:37  Marine x2  
  28  3:43  SCV  
  29  3:55  SCV, Marine x2  
  31  4:00  SCV  
  33  4:13  SCV, Marine x2  
  36  4:22  Refinery  
  36  4:25  SCV  
  36  4:28  SCV  
  36  4:31  Refinery  
  38  4:36  Supply Depot  
  38  4:37  SCV  
  39  4:40  SCV  
  39  4:41  Refinery  
  40  4:49  SCV  
  40  4:51  SCV  
  40  4:52  SCV  
  43  5:01  SCV  
  43  5:03  SCV  
  45  5:08  Marine x2  
  45  5:11  Barracks  
  45  5:13  SCV  
  48  5:15  SCV  
  46  5:25  SCV  
  46  5:26  Marine  
  46  5:27  SCV  
  44  5:37  SCV  
  44  5:39  SCV  
  44  5:41  Marine  
  47  5:43  Marine  
  47  5:59  SCV, Marine  
  47  6:01  Marine  
  47  6:03  SCV  
  51  6:12  SCV  
  51  6:15  SCV  
  51  6:17  Marine  
  54  6:19  Marine  
  54  6:24  SCV  
  56  6:27  SCV  
  56  6:29  Factory, Barracks Reactor  
  56  6:31  Barracks Tech Lab  
  57  6:35  Marine  
  57  6:36  SCV  
  57  6:37  Marine  
  57  6:39  SCV  
  59  6:48  SCV  
  59  6:51  SCV  
  59  6:53  Marine  
  62  6:55  Marine  
  62  7:00  Marauder, SCV  
  66  7:03  SCV  
  67  7:10  Marine  
  67  7:12  SCV  
  67  7:13  Marine  
  70  7:15  SCV  
  70  7:22  Marauder  
  73  7:24  SCV  
  73  7:28  SCV, Marine  
  76  7:34  Marine  
  76  7:35  Factory Tech Lab  
  76  7:36  SCV  
  78  7:40  SCV  
  78  7:43  Marauder  
  81  7:46  Marine  
  81  7:49  SCV  
  83  7:52  Marine  
  83  7:54  SCV  
  85  8:01  SCV  
  85  8:04  Marine  
  85  8:05  Marauder  
  89  8:06  Supply Depot  
  89  8:10  Marine  
  90  8:13  SCV  
  91  8:22  Marine  
  91  8:25  SCV  
  93  8:27  Marauder  
  93  8:28  Marine  
  93  8:29  Supply Depot  
  96  8:35  Siege Tank  
  96  8:37  SCV  
  96  8:40  Concussive Shells  
  100  8:42  Mag-Field Accelerator  
  100  8:51  Marauder, Supply Depot  
  102  8:59  Supply Depot  
  102  9:00  Supply Depot  
  102  9:03  Supply Depot x2  
  102  9:07  Siege Tank  
  105  9:15  Supply Depot  
  105  9:23  Supply Depot  
  105  9:24  Stimpack  
  84  9:25  Supply Depot  
  84  9:27  Supply Depot  
  84  9:29  Supply Depot  
  75  9:37  Supply Depot  
  76  9:39  Siege Tank  
  76  9:42  Marauder  
  76  9:43  Marine x2  
  82  10:00  Supply Depot  
  82  10:01  Marine x2, Infernal Pre-Igniter  
  82  10:03  Marauder  
  86  10:11  Siege Tank  
  89  10:19  Marine x2  
  91  10:24  Marauder  
  91  10:27  Armory  
  93  10:37  Marine x2  
  95  10:43  Siege Tank  
  95  10:46  Marauder  
  100  10:55  Marine x2  
  102  11:07  Marauder  
  104  11:12  Marine  
  104  11:13  Marine  
  104  11:16  Siege Tank  
  109  11:24  Combat Shields  
  109  11:28  Marauder  
  109  11:30  Marine x2  
  113  11:36  Terran Vehicle Weapons Level 1  
  113  11:38  Drilling Claws  
  113  11:48  Marine x2, Siege Tank  
  113  11:50  Marauder  
  120  12:06  Marine x2  
  122  12:11  Marauder  
  124  12:20  Siege Tank  
  127  12:33  Marauder  
  124  13:13  Siege Tank  
  87  13:30  Terran Ship Weapons Level 1  
  86  13:45  Siege Tank  
  89  14:17  Thor  
  89  14:22  Command Center  
  95  15:00  Thor  
  98  15:24  Terran Vehicle And Ship Armor Level 1  
  78  15:43  Thor  
  75  16:26  Thor  
  81  16:37  Factory  
  81  17:08  Thor  
  62  17:51  Thor  
  62  18:08  Factory Reactor  
  61  18:34  Thor  
  61  18:51  Widow Mine x2  
Show
View Real Time Build Order
Export as new Build Order

RANURA DE IA (Difícil) Zerg - Winner!

Build Orders: Pool First 

Get SALT Encoding   

  12  0:01  Drone  
  13  0:12  Overlord  
  13  0:17  Drone  
  14  0:30  Drone  
  14  0:32  Drone  
  16  0:42  Spawning Pool  
  16  0:45  Drone  
  16  0:48  Drone  
  17  0:52  Extractor  
  17  0:55  Drone  
  17  1:06  Overlord  
  17  1:29  Queen  
  17  1:31  Zergling x2  
  20  1:37  Zergling x2, Roach Warren  
  20  1:38  Drone  
  21  1:41  Extractor  
  20  1:49  Drone  
  21  2:00  Drone  
  22  2:10  Overlord  
  22  2:21  Drone  
  23  2:32  Roach  
  23  2:36  Drone  
  26  2:38  Roach  
  26  2:40  Overlord  
  28  2:45  Roach  
  30  2:54  Roach  
  32  3:05  Roach  
  34  3:08  Drone  
  34  3:09  Overlord  
  34  3:11  Roach  
  37  3:17  Drone  
  38  3:27  Baneling Nest  
  38  3:28  Roach  
  38  3:32  Evolution Chamber  
  38  3:39  Roach  
  38  3:40  Drone  
  42  3:41  Drone  
  42  3:43  Drone  
  43  3:50  Drone  
  44  4:01  Drone  
  45  4:11  Drone  
  46  5:01  Overlord, Zerg Melee Weapons Level 1  
  46  5:03  Evolution Chamber, Lair, Drone  
  46  5:19  Hatchery  
  44  5:28  Zerg Missile Weapons Level 1  
  44  5:29  Zergling x2  
  40  5:50  Roach  
  36  5:59  Roach  
  36  6:01  Burrow  
  32  6:06  Infestation Pit  
  32  6:07  Drone  
  32  6:08  Hydralisk Den  
  32  6:09  Roach, Drone  
  36  6:18  Roach  
  36  6:28  Roach, Spore Crawler  
  36  6:29  Drone  
  36  6:31  Drone  
  39  6:33  Drone  
  39  6:34  Drone  
  39  6:36  Drone  
  39  6:37  Roach  
  44  6:41  Drone  
  44  6:44  Drone  
  46  6:49  Extractor, Infestor  
  46  6:50  Drone  
  46  6:51  Drone  
  46  6:53  Drone  
  50  6:56  Drone, Zerg Ground Armor Level 1  
  51  7:03  Drone  
  51  7:06  Drone  
  53  7:09  Overseer  
  53  7:13  Infestor  
  55  7:16  Overlord  
  55  7:17  Overseer  
  55  7:18  Extractor  
  55  7:21  Drone  
  55  7:22  Spore Crawler  
  54  7:23  Hydralisk, Drone  
  54  7:24  Drone  
  54  7:28  Drone  
  59  7:35  Spore Crawler, Drone  
  59  7:39  Infestor  
  59  7:41  Spore Crawler  
  60  7:46  Spine Crawler, Drone  
  60  7:50  Drone  
  61  7:53  Spine Crawler  
  61  7:54  Hydralisk  
  61  7:55  Drone  
  61  7:57  Drone  
  64  7:58  Drone  
  64  8:01  Drone  
  66  8:07  Drone  
  66  8:09  Spine Crawler  
  66  8:12  Drone  
  67  8:18  Spine Crawler, Drone  
  67  8:22  Drone  
  67  8:24  Overlord  
  67  8:25  Drone  
  70  8:27  Drone  
  70  8:29  Drone  
  71  8:34  Drone  
  71  8:36  Queen  
  74  8:42  Queen  
  74  8:45  Overlord  
  76  8:55  Spire  
  75  9:09  Overlord  
  74  9:12  Hive  
  74  9:14  Overseer  
  56  9:22  Roach  
  54  9:28  Overseer  
  54  9:29  Hydralisk  
  56  9:37  Zergling x2  
  57  9:44  Roach  
  59  9:46  Pneumatized Carapace  
  59  9:51  Roach  
  61  9:53  Overlord  
  61  9:58  Hydralisk  
  63  10:06  Infestor  
  65  10:14  Roach  
  67  10:22  Roach  
  67  10:26  Greater Spire  
  69  10:29  Roach  
  69  10:33  Overlord, Overseer  
  71  10:36  Hydralisk  
  73  10:44  Hydralisk  
  73  10:46  Viper  
  78  10:51  Infestor  
  80  10:59  Corruptor  
  82  11:10  Muscular Augments  
  81  11:22  Zerg Melee Weapons Level 2  
  81  11:39  Corruptor  
  83  11:40  Brood Lord  
  84  11:53  Zerg Ground Armor Level 2  
  84  11:59  Hatchery  
  83  12:15  Brood Lord  
  85  12:21  Pathogen Glands  
  85  12:30  Glial Reconstitution  
  85  12:39  Zerg Flyer Weapons Level 1  
  85  12:58  Zergling x2  
  85  13:04  Hydralisk  
  85  13:10  Roach  
  73  13:13  Roach  
  73  13:16  Roach  
  73  13:19  Roach  
  68  13:23  Roach  
  68  13:26  Roach  
  64  13:28  Extractor, Hydralisk  
  64  13:29  Extractor  
  64  13:31  Hydralisk  
  64  13:34  Infestor, Drone  
  67  13:35  Drone  
  67  13:37  Drone  
  67  13:38  Drone  
  67  13:40  Roach  
  77  13:43  Roach  
  77  13:44  Overseer  
  77  13:46  Roach  
  81  13:49  Roach  
  81  13:52  Overlord  
  81  13:53  Roach  
  85  13:56  Roach  
  85  13:58  Hydralisk  
  89  14:03  Hydralisk  
  89  14:08  Hydralisk  
  93  14:11  Overlord, Drone  
  93  14:12  Drone  
  93  14:14  Drone  
  93  14:15  Drone  
  97  14:17  Drone  
  97  14:18  Drone  
  97  14:20  Drone  
  97  14:21  Infestor, Hatchery  
  97  14:22  Drone  
  97  14:23  Drone  
  97  14:24  Swarm Host  
  103  14:28  Zerg Missile Weapons Level 2  
  103  14:30  Overlord  
  106  14:40  Zerg Flyer Armor Level 1  
  106  14:57  Zerg Melee Weapons Level 3  
  106  15:01  Spore Crawler  
  106  15:04  Spore Crawler  
  106  15:06  Queen  
  106  15:19  Roach  
  101  15:22  Roach  
  101  15:25  Zergling x2  
  86  15:28  Roach  
  86  15:32  Roach  
  86  15:34  Roach  
  73  15:37  Roach  
  73  15:40  Hydralisk  
  77  15:43  Overlord, Extractor  
  77  15:44  Roach  
  77  15:45  Extractor  
  77  15:46  Hydralisk  
  76  15:51  Lair  
  76  16:01  Roach, Overlord  
  76  16:04  Hydralisk  
  80  16:13  Overlord  
  80  16:31  Infestor  
  80  16:32  Overlord  
  82  16:38  Roach  
  84  16:44  Roach  
  86  16:49  Roach  
  86  16:51  Roach, Overlord  
  86  16:53  Overseer  
  88  16:55  Infestor  
  88  17:01  Hydralisk  
  83  17:07  Zergling x2  
  76  17:12  Hydralisk  
  76  17:14  Ultralisk Cavern  
  75  17:20  Roach, Overlord  
  77  17:25  Hydralisk  
  79  17:31  Hydralisk  
  81  17:37  Infestor  
  81  17:43  Infestor  
  85  17:48  Overlord  
  85  17:49  Infestor  
  87  17:54  Overseer  
  87  18:03  Ultralisk  
  92  18:08  Overlord  
  92  18:09  Zergling x2  
  87  18:15  Ultralisk  
  91  18:21  Roach  
  91  18:26  Drone, Spine Crawler  
  89  18:27  Roach, Overlord  
  89  18:28  Drone  
  89  18:30  Drone  
  89  18:31  Drone  
  89  18:33  Roach, Drone  
  89  18:35  Drone  
  89  18:36  Drone  
  89  18:38  Roach  
  93  18:44  Ultralisk  
  93  18:47  Overlord  
  99  18:50  Roach  
  101  18:56  Roach  
  101  19:01  Viper, Hydralisk  
  108  19:06  Overlord, Drone  
  108  19:07  Hydralisk  
  108  19:08  Drone  
  108  19:09  Drone, Spine Crawler  
  112  19:11  Drone  
  112  19:13  Infestor, Neural Parasite, Drone  
  112  19:15  Drone  
  112  19:16  Drone  
  118  19:19  Infestor  
  120  19:25  Ultralisk, Overlord  
  120  19:31  Zerg Ground Armor Level 3  
  126  19:34  Spore Crawler  
  126  19:36  Drone  
  126  19:37  Queen  
  128  19:38  Spore Crawler  
  128  19:44  Overlord  
  128  19:45  Zerg Missile Weapons Level 3  
  127  19:55  Chitinous Plating  
  127  20:06  Tunneling Claws, Spine Crawler  
  126  20:11  Spine Crawler  
  125  20:27  Zerg Flyer Weapons Level 2  
  125  20:33  Zergling x2  
  123  20:56  Corruptor  
  125  21:08  Roach  
  127  21:13  Roach  
  127  21:16  Overlord  
  129  21:18  Roach  
  129  21:24  Roach  
  133  21:29  Roach  
  134  21:34  Overlord, Hydralisk  
  134  21:39  Hydralisk  
  136  21:45  Zergling x2  
  139  22:11  Viper  
  139  22:12  Overlord  
  142  23:05  Spire  
  141  23:22  Brood Lord, Corruptor  
  145  24:11  Brood Lord  
  145  24:12  Corruptor  
  149  24:48  Brood Lord  
  153  25:00  Overlord  
  153  25:01  Hatchery  
Show
View Real Time Build Order
Export as new Build Order

RANURA DE IA (Difícil) Terran - Winner!

Build Orders: MMM Bio 

Get SALT Encoding   

  12  0:01  SCV  
  13  0:13  SCV  
  14  0:19  Supply Depot  
  14  0:25  SCV  
  15  0:40  SCV  
  15  0:41  Barracks  
  16  0:48  Refinery  
  16  0:52  SCV  
  17  1:04  SCV  
  18  1:16  SCV  
  19  1:20  Supply Depot  
  19  1:29  SCV, Marine  
  21  1:39  Barracks  
  21  1:42  Orbital Command  
  21  1:47  Barracks Tech Lab, Refinery  
  21  2:03  Factory  
  21  2:06  Marine  
  22  2:18  Supply Depot  
  22  2:23  Marine  
  22  2:26  Marine  
  24  2:41  Marine  
  24  2:44  Marine  
  26  2:46  Hellion  
  26  2:51  Supply Depot  
  28  2:59  Marine  
  28  3:01  Marine  
  28  3:05  SCV  
  31  3:08  Hellion  
  33  3:17  SCV, Marine  
  33  3:18  Engineering Bay  
  35  3:29  SCV, Hellion  
  35  3:32  Supply Depot  
  38  3:41  SCV  
  39  3:51  Hellion  
  39  3:54  SCV  
  42  4:06  SCV  
  43  4:49  Barracks Tech Lab  
  43  4:51  Stimpack, Marauder, Terran Infantry Weapons Level 1  
  45  4:53  Factory, Factory Tech Lab  
  45  4:57  Starport  
  45  5:01  Starport  
  45  5:06  Command Center  
  43  5:08  Combat Shields  
  43  5:12  Marine  
  34  5:20  Marine  
  32  5:30  Marine  
  32  5:34  Starport Tech Lab  
  33  5:35  Factory Tech Lab  
  33  5:37  Starport Tech Lab  
  33  5:38  Marine  
  34  5:48  Marine  
  35  5:56  Marine  
  36  6:05  Missile Turret  
  36  6:06  Marauder  
  36  6:10  Missile Turret  
  38  6:14  Marauder  
  38  6:16  Siege Tank  
  38  6:17  Supply Depot  
  43  6:18  SCV  
  43  6:20  SCV  
  43  6:24  Cyclone  
  48  6:26  Concussive Shells  
  48  6:31  SCV  
  48  6:32  SCV  
  50  6:34  Refinery  
  50  6:43  SCV  
  50  6:44  SCV  
  50  6:45  Terran Infantry Armor Level 1  
  52  6:48  Siege Tank  
  55  6:54  Bunker  
  55  6:55  SCV, Refinery  
  55  6:56  SCV  
  55  6:58  Raven  
  59  7:03  Missile Turret  
  59  7:07  SCV  
  60  7:08  SCV  
  60  7:10  Missile Turret  
  61  7:19  SCV  
  61  7:21  SCV  
  63  7:24  Raven  
  65  7:31  SCV, Bunker  
  65  7:33  SCV  
  67  7:38  Sensor Tower  
  67  7:43  SCV  
  68  7:45  SCV  
  68  7:49  Armory  
  69  7:52  Supply Depot  
  69  7:55  SCV  
  69  7:57  SCV  
  71  8:00  Barracks  
  71  8:07  SCV  
  72  8:47  Medivac x2, Barracks Reactor  
  72  8:48  Marine  
  77  8:49  Supply Depot  
  77  8:52  Marine  
  78  9:01  Terran Infantry Weapons Level 2  
  75  9:03  Command Center  
  75  9:06  Marauder  
  77  9:10  Marauder  
  77  9:13  Supply Depot  
  77  9:16  Raven  
  81  9:17  Medivac  
  81  9:18  Cyclone  
  86  9:26  Marine  
  86  9:27  Marine  
  86  9:30  Marine  
  85  9:35  Marine  
  77  9:44  Marine  
  77  9:45  Marine  
  75  9:52  Marine  
  75  9:53  Marine  
  75  9:59  Supply Depot  
  77  10:02  Marine, Siege Tank  
  77  10:05  Terran Vehicle Weapons Level 1  
  81  10:10  Siege Tank  
  81  10:11  Marauder  
  86  10:14  Marine  
  86  10:17  SCV  
  86  10:19  SCV, Marine  
  86  10:20  SCV  
  91  10:23  Marine  
  92  10:29  SCV  
  92  10:31  SCV  
  92  10:32  Marauder  
  92  10:33  SCV  
  92  10:35  Refinery  
  97  10:41  SCV  
  97  10:42  Missile Turret  
  98  10:43  SCV  
  98  10:45  SCV, Missile Turret  
  100  10:50  Ghost Academy  
  100  10:54  SCV  
  100  10:55  SCV, Fusion Core  
  102  10:57  SCV  
  102  11:01  Engineering Bay  
  102  11:03  Armory  
  103  11:06  SCV  
  103  11:07  SCV  
  103  11:09  SCV  
  103  11:10  Bunker  
  106  11:16  Terran Infantry Armor Level 2  
  106  11:18  SCV  
  107  11:33  Refinery  
  107  11:50  Terran Ship Weapons Level 1  
  107  11:59  Terran Vehicle And Ship Armor Level 1  
  107  12:35  Battlecruiser  
  113  12:37  Supply Depot  
  113  12:45  Viking  
  115  12:51  Command Center  
  112  13:03  Supply Depot  
  104  13:10  Hi-Sec Auto Tracking  
  95  13:14  Banshee  
  88  13:39  Viking  
  88  13:52  Terran Ship Weapons Level 2  
  88  13:53  Terran Vehicle And Ship Armor Level 2  
  88  13:58  Battlecruiser  
  94  14:09  Medivac, Refinery  
  96  14:16  Missile Turret  
  96  14:20  Missile Turret  
  96  14:21  Refinery  
  96  14:34  Weapon Refit  
  96  14:39  Battlecruiser  
  96  14:44  Bunker  
  102  14:49  Terran Infantry Weapons Level 3  
  102  15:02  Medivac  
  102  15:04  Terran Infantry Armor Level 3  
  104  15:27  High Capacity Fuel Tanks  
  104  15:32  Battlecruiser  
  110  15:42  Behemoth Reactor  
  110  15:43  Battlecruiser  
  116  15:59  Marine  
  116  16:02  Marine  
  112  16:05  Marine  
  112  16:08  Marine  
  112  16:09  Terran Vehicle And Ship Armor Level 3  
  106  16:13  Terran Ship Weapons Level 3  
  106  16:15  Supply Depot, Command Center  
  106  16:17  Marauder  
  90  16:20  Marine  
  90  16:23  Marine  
  88  16:26  Marine  
  88  16:28  Siege Tank  
  86  16:36  Raven  
  86  16:38  Marauder  
  86  16:39  Marauder  
  92  16:41  Marine  
  92  16:44  Marine  
  91  16:47  Medivac  
  79  16:57  SCV  
  79  16:59  Marine  
  79  17:00  Marauder  
  79  17:01  Marine  
  83  17:04  Marine  
  78  17:17  Marine, Raven  
  78  17:18  Marine, Raven  
  78  17:21  Marine  
  78  17:22  Marine  
  86  17:25  Siege Tank  
  89  17:35  Marine  
  89  17:36  Marine  
  86  17:38  Ghost  
  86  17:40  Marine  
  86  17:44  Siege Tank  
  89  17:52  Marine  
  89  17:54  Marine  
  89  17:58  Marine  
  92  18:00  Medivac  
  92  18:01  Viking  
  92  18:05  Building Armor  
  95  18:08  Marauder  
  95  18:11  Neosteel Frame, Marauder  
  95  18:12  Marine  
  100  18:15  Marine  
  101  18:29  Marauder  
  101  18:31  Marine  
  101  18:32  Marauder  
  106  18:34  Marine  
  106  18:39  Viking  
  106  18:40  Command Center  
  109  18:46  Terran Vehicle Weapons Level 2  
  109  18:50  Ghost  
  109  18:51  Marine  
  109  18:54  Marauder, Marine  
  115  19:15  Marauder  
  117  19:19  Marauder  
  117  19:24  Marine  
  118  19:27  Marine  
  119  19:36  Marauder  
  121  19:41  Marauder  
  123  19:58  Marauder  
  125  20:01  Marine  
  125  20:02  Marauder  
  125  20:03  Marine  
  125  20:05  Refinery  
  129  20:09  Missile Turret  
  129  20:16  Missile Turret  
  129  20:18  Refinery  
  129  20:19  Marine x2  
  131  20:23  Marine x2  
  133  20:36  Marine  
  133  20:40  Bunker  
  133  20:41  Marauder  
  136  21:03  Terran Vehicle Weapons Level 3  
  136  21:21  Marine  
  136  21:24  Marine  
  136  21:27  Marine  
  136  21:29  Marine  
  127  21:39  Marine  
  128  21:42  Marine  
  128  21:45  Marine  
  130  21:47  Marine  
  131  21:56  Command Center  
  131  21:57  Marine  
  132  23:22  Refinery  
  132  23:31  Hellion  
  132  23:33  Missile Turret  
  134  23:34  Hellion  
  136  23:49  Missile Turret  
  136  23:52  Hellion, Refinery  
  138  23:56  Hellion  
  139  24:07  Command Center  
  139  24:13  Siege Tank  
  139  24:17  Thor  
  148  24:27  Bunker  
  148  24:45  Siege Tank  
Show
View Real Time Build Order
Export as new Build Order

RANURA DE IA (Difícil) Terran - Winner!

Build Orders: MMM Bio 

Get SALT Encoding   

  12  0:01  SCV  
  13  0:13  SCV  
  14  0:19  Supply Depot  
  14  0:25  SCV  
  15  0:40  SCV  
  15  0:42  Barracks  
  16  0:49  Refinery  
  16  0:52  SCV  
  17  1:04  SCV  
  18  1:17  SCV  
  19  1:20  Supply Depot  
  19  1:29  Orbital Command, Marine  
  20  1:41  Barracks  
  20  1:49  Barracks Tech Lab, Refinery  
  20  1:54  SCV  
  21  2:07  Marine  
  21  2:08  Supply Depot  
  22  2:25  Marine  
  22  2:27  Marine  
  24  2:43  Marauder  
  26  2:45  Marine  
  26  2:46  Supply Depot  
  27  3:03  Marine  
  28  3:06  Marauder  
  30  3:13  Supply Depot  
  30  3:14  SCV  
  31  3:21  Marine  
  31  3:26  Engineering Bay, SCV  
  33  3:27  Marine  
  34  3:38  SCV  
  34  3:39  Marine  
  36  3:44  Marine  
  37  3:50  SCV  
  38  3:56  Marine  
  38  4:02  Marine  
  39  4:03  SCV  
  41  4:14  Marine  
  41  4:15  SCV  
  43  4:21  Marauder  
  45  4:32  Marine  
  46  4:42  Marauder  
  48  6:13  Barracks Tech Lab  
  48  6:15  Stimpack  
  48  6:16  Terran Infantry Weapons Level 1, Factory, Marauder  
  50  6:20  Factory  
  50  6:22  Supply Depot  
  50  6:23  Command Center  
  50  6:26  Ghost Academy  
  50  6:28  Missile Turret  
  50  6:29  Missile Turret  
  50  6:30  Combat Shields  
  50  6:32  Marauder  
  52  6:33  Barracks  
  52  6:39  Marine  
  37  6:53  Marine  
  32  6:57  Marine  
  33  7:03  Starport  
  33  7:04  Factory Tech Lab x2  
  33  7:06  Starport  
  33  7:11  Marauder  
  33  7:14  Bunker  
  33  7:15  Ghost  
  35  7:19  Marine  
  38  7:32  Marine  
  38  7:35  SCV  
  40  7:37  SCV, Marine  
  40  7:44  Marine  
  42  7:47  SCV, Refinery  
  42  7:49  Concussive Shells  
  42  7:50  Missile Turret, Marine  
  42  7:51  SCV  
  46  7:55  Missile Turret, Marine  
  46  7:56  Starport Tech Lab x2  
  47  8:00  SCV  
  47  8:01  Marine  
  47  8:03  SCV  
  50  8:06  Sensor Tower  
  50  8:07  Marine  
  50  8:10  Terran Infantry Armor Level 1  
  50  8:12  SCV  
  52  8:13  Marine  
  52  8:14  Raven  
  52  8:15  SCV  
  52  8:17  Raven  
  52  8:19  Bunker  
  60  8:20  Marauder  
  60  8:24  SCV  
  60  8:26  Marauder  
  63  8:27  SCV  
  64  8:36  Barracks Reactor, SCV, Armory  
  64  8:39  SCV  
  68  8:41  Marauder  
  68  8:48  SCV  
  69  8:51  SCV  
  69  8:55  Supply Depot  
  70  9:19  Marine  
  70  9:20  Refinery  
  65  9:26  Marine  
  64  9:32  Marine  
  57  9:39  Marine  
  57  9:40  Raven  
  57  9:42  Raven  
  57  9:43  SCV  
  57  9:44  SCV  
  52  9:45  Marine  
  52  9:52  Marine  
  53  9:55  SCV  
  53  9:58  Marine  
  55  10:05  Marine  
  56  10:17  Marauder  
  56  10:18  Marine  
  59  10:25  Marauder  
  59  10:27  Supply Depot  
  61  10:31  Marine  
  62  10:37  Marine  
  63  10:44  Marine  
  63  10:49  Medivac  
  66  10:50  Medivac, Ghost  
  66  10:52  Supply Depot  
  70  11:02  Marauder  
  70  11:03  Command Center  
  72  11:05  Siege Tank  
  75  11:12  Siege Tank  
  75  11:16  Supply Depot  
  78  11:19  Raven  
  78  11:20  Medivac  
  82  11:37  Siege Tank  
  85  11:40  Supply Depot  
  85  11:44  Hellion  
  87  12:00  Engineering Bay  
  87  12:05  Siege Tank  
  87  12:06  Terran Infantry Weapons Level 2  
  90  12:09  Siege Tank  
  93  12:16  SCV  
  93  12:18  SCV  
  93  12:20  SCV  
  96  12:28  Refinery  
  96  12:29  SCV  
  97  12:30  SCV  
  97  12:31  Missile Turret  
  97  12:32  Terran Infantry Armor Level 2  
  97  12:33  SCV, Terran Vehicle Weapons Level 1  
  97  12:35  Missile Turret, Command Center  
  99  12:37  Siege Tank  
  99  12:41  SCV, Refinery  
  99  12:42  Hellion  
  105  12:50  SCV  
  106  12:52  SCV  
  106  12:54  SCV  
  108  12:58  Bunker  
  108  13:03  Siege Tank  
  108  13:05  SCV  
  108  13:07  SCV  
  108  13:09  Siege Tank  
  108  13:12  Fusion Core  
  112  13:17  Marine  
  112  13:19  Armory  
  107  13:23  Marine  
  108  13:32  Raven  
  106  13:35  Hellion  
  106  13:36  Marine  
  108  13:43  Marine  
  109  13:49  SCV  
  109  13:50  SCV, Marine  
  109  13:52  SCV  
  109  13:53  SCV  
  114  13:58  Refinery  
  114  14:01  SCV  
  114  14:02  SCV, Missile Turret  
  116  14:05  Terran Vehicle And Ship Armor Level 1  
  116  14:06  Missile Turret  
  116  14:10  Refinery  
  116  14:16  Marine  
  117  14:20  Marine  
  117  14:24  Marine  
  119  14:25  Terran Infantry Weapons Level 3  
  119  14:27  Marine, Terran Ship Weapons Level 1  
  119  14:31  Hellion, SCV  
  120  14:35  Hellion, Infernal Pre-Igniter  
  118  14:46  Marine, Raven  
  118  14:50  Medivac, Marine  
  118  14:51  Terran Infantry Armor Level 3  
  109  14:53  Marine  
  109  14:58  Hellion  
  111  15:01  Marine  
  111  15:04  Marine  
  110  15:08  Marine  
  110  15:12  Marine  
  100  15:16  Hellion  
  100  15:19  Marine  
  100  15:20  Raven  
  96  15:23  Siege Tank  
  99  15:37  Siege Tank  
  99  15:40  Bunker  
  102  15:56  Siege Tank  
  105  16:09  Siege Tank  
  108  16:22  Terran Vehicle Weapons Level 2  
  108  16:28  Siege Tank  
  111  16:36  Terran Vehicle And Ship Armor Level 2  
  111  16:41  Siege Tank  
  114  16:59  Thor  
  120  17:04  SCV  
  120  17:13  Siege Tank  
  123  17:22  Building Armor  
  121  17:24  Marine  
  121  17:28  Marine  
  121  17:29  Medivac  
  110  17:32  Marine  
  110  17:35  Neosteel Frame  
  106  17:37  Marine  
  106  17:42  Marine  
  108  17:46  Marine  
  108  17:50  Marine  
  110  17:55  Supply Depot, Marine  
  110  17:56  Command Center  
  111  18:00  Marine  
  111  18:04  Marine  
  113  18:06  Hellion  
  113  18:08  Marine  
  113  18:09  Hellion, High Capacity Fuel Tanks  
  118  18:12  Marine  
  118  18:18  Marine  
  120  18:22  Marine  
  120  18:24  Supply Depot  
  120  18:26  Marine  
  122  18:30  Marine  
  122  18:33  Siege Tank  
  126  18:35  Marine  
  126  18:36  Hellion  
  126  18:38  Terran Ship Weapons Level 2  
  126  18:39  Marine  
  127  18:43  Marine  
  127  18:48  Marine  
  128  18:52  Supply Depot, Terran Vehicle Weapons Level 3  
  128  18:53  Marine  
  128  18:54  Hi-Sec Auto Tracking  
  124  18:57  Marine  
  124  19:01  Marine  
  120  19:06  Marine  
  118  19:11  Ghost  
  118  19:16  Marauder  
  122  19:19  Marine  
  122  19:24  Marine  
  124  19:37  Marauder, Marine  
  127  19:40  Marauder  
  129  19:45  Missile Turret  
  129  19:48  Missile Turret  
  129  19:51  Refinery  
  129  19:55  Refinery  
  129  19:58  Marauder  
  131  20:01  Ghost  
  133  20:14  Bunker  
  133  20:20  Marauder  
  135  20:30  Marauder  
  137  20:54  Terran Vehicle And Ship Armor Level 3  
  137  21:06  Widow Mine  
  137  21:11  Viking  
  141  21:14  Widow Mine  
  143  21:19  Battlecruiser  
  143  21:20  Supply Depot  
  149  21:30  Terran Ship Weapons Level 3  
  149  21:35  Hellion  
  151  21:41  Weapon Refit, Battlecruiser  
  151  21:44  Siege Tank  
  160  21:56  Widow Mine  
  162  22:15  Widow Mine  
  162  22:18  Drilling Claws  
  164  22:23  Viking  
  166  22:45  Viking  
  168  24:01  Command Center  
Tags
 
Add a new tag
Caveats
  • Supply blocks, unpowered buildings, or Contaminate may cause inaccurate times.
  • Supply counts are checked every 10 seconds.